 Dungeon Crawl Stone Soup version 0.30-a0-358-g0d69a1922f (webtiles) character file.

Game seed: 1119668202652483154

49137 DeathSun the Brawler (level 14, 0/112 (113) HPs)
             Began as a Demonspawn Gladiator on Nov 9, 2022.
             Was a High Priest of Trog.
             Slain by a komodo dragon (19 damage)
             ... on level 4 of the Lair of Beasts.
             The game lasted 01:01:35 (18549 turns).

DeathSun the Brawler (Demonspawn Gladiator)        Turns: 18549, Time: 01:01:36

HP:   0/112 (113)   AC: 14    Str: 18    XL:     14   Next: 14%
MP:   0/14          EV: 10    Int:  7    God:    Trog [*****.]
Gold: 944           SH:  0    Dex: 14    Spells: 13/13 levels left

rFire   . . .      SeeInvis .      - Unarmed
rCold   + + +      Faith    .    (no shield)
rNeg    + . .      Spirit   +    I - +4 scale mail of the Desert {rC++ rN+ Regen+ Int-5}
rPois   +          Reflect  .    (helmet restricted)
rElec   .          Harm     .    H - +0 cloak
rCorr   .          Rampage  .    (no gloves)
Will    ++++.                    (no boots)
Stlth   ..........               K - amulet of guardian spirit
HPRegen 2.18/turn                v - ring of poison resistance
MPRegen 0.14/turn                f - ring of protection from cold

@: strong-willed, regenerating, slowed, lightly drained, very slow
A: antennae 2, icy blue scales 2, demonic guardian 2, foul stench 1, torment
resistance 1, demonic willpower
a: Renounce Religion, Berserk, Trog's Hand, Brothers in Arms


You were on level 4 of the Lair of Beasts.
You worshipped Trog.
Trog was extremely pleased with you.
You visited 2 branches of the dungeon, and saw 17 of its levels.
You also visited: Sewer and Bailey.

You collected 1142 gold pieces.
You spent 198 gold pieces at shops.

Inventory:

Missiles
 c - 2 throwing nets
 m - 53 poisoned darts (quivered)
Armour
 o - the +2 leather armour of Limited Liability {rPois rN+ Slay+3 Stlth+}
   (You found it on level 2 of the Dungeon)

   Slay:      It affects your accuracy & damage with ranged weapons and melee
   (+3).
   rPois:     It protects you from poison.
   rN:        It protects you from negative energy.
   Stlth:     It makes you more stealthy.
 H - a +0 cloak (worn)
 I - the +4 scale mail of the Desert (worn) {rC++ rN+ Regen+ Int-5}
   (You found it on level 7 of the Dungeon)

   Int:       It affects your intelligence (-5).
   rC:        It greatly protects you from cold.
   rN:        It protects you from negative energy.
   Regen:     It increases your rate of health regeneration.
Jewellery
 f - a ring of protection from cold (right hand)
 v - a ring of poison resistance (left hand)
 F - an amulet of reflection
 K - an amulet of guardian spirit (around neck)
 P - an amulet of the acrobat
Wands
 b - a wand of digging (3)
 d - a wand of light (9)
 w - a wand of paralysis (9)
 y - a wand of polymorph (5)
 z - a wand of iceblast (9)
 C - a wand of mindburst (21)
Scrolls
 a - a scroll of identify
 e - 5 scrolls of teleportation
 i - a scroll of silence
 j - a scroll of brand weapon
 r - 2 scrolls of enchant weapon
 s - 2 scrolls of noise
 t - 3 scrolls of magic mapping
 u - 6 scrolls of enchant armour
 B - 3 scrolls of butterflies
 M - a scroll of torment
 N - a scroll of poison
 Q - a scroll of vulnerability
 R - a scroll of amnesia {unknown}
Potions
 g - 3 potions of mutation
 h - 2 potions of degeneration
 k - 2 potions of ambrosia {unknown}
 l - a potion of heal wounds
 n - 3 potions of lignification
 p - 10 potions of curing
 q - 6 potions of might
 x - a potion of berserk rage
 A - a potion of flight
 E - 2 potions of invisibility {unknown}
 J - a potion of haste {unknown}
 L - 5 potions of resistance
 O - 2 potions of brilliance
Miscellaneous
 G - a condenser vane


   Skills:
 * Level 11.4 Fighting
 - Level 6.0 Throwing
 - Level 2.6 Dodging
 * Level 18.6 Unarmed Combat
 - Level 7.0 Evocations


You had 13 spell levels left.
You didn't know any spells.
Your spell library was empty.

Dungeon Overview and Level Annotations

Branches:
Dungeon (12/15)            Temple (0/1) D:6            Lair (5/5) D:11
 Shoals (0/4) Lair:2       Spider (0/4) Lair:2        Slime (0/5) Lair:4
    Orc (0/2) D:9           Sewer (visited)          Bailey (visited)

Altars:
Ashenzari
Dithmenos
Sif Muna
Trog
Xom
Yredelemnul

Shops:
D:5 *   D:6 =

Portals:
Trove: D:10 (give +6 demon blade)

Annotations:
D:3 1 runed translucent door, kirsanium's ghost, amateur MfGl
D:9 2 transporters, Ijustatesigmund's ghost, novice GnFi
D:11 1 runed translucent door
Lair:4 exclusion: 2 oklob plants


Innate Abilities, Weirdness & Mutations

You have a pair of antennae on your head.
You are mostly covered in icy blue scales. (AC +3)
A demonic guardian rushes to your aid.
You may rarely emit foul miasma when damaged in melee.
You are resistant to unholy torment.
You punish those that try to bend your will. (Will+)


Message History

The wolf simulacrum closely misses you. The wolf closely misses you.
The dream sheep ruffle their wool and motes of dream dust sparkle, to no effect. x2
A wolf comes into view.
The torpor snail barely misses you.
Being near the torpor snail leaves you feeling lethargic.
The wolf bites you.
The dream sheep ruffle their wool and motes of dream dust sparkle, to no effect.
There is a stone staircase leading up, spattered with blood here.
The wolf misses you. The black mamba bites you.
The black mamba barely misses you. The wolf bites you.
The black mamba closely misses you. The komodo dragon bites you.
The black mamba bites you but does no damage.
The torpor snail bites you but does no damage.
The dream sheep barely misses you.
The black mamba bites you but does no damage.
The wolf barely misses you. The komodo dragon barely misses you.
You climb upwards.
Level annotation: exclusion: 2 oklob plants
There is a stone staircase leading down here.
Unknown command.
The komodo dragon attacks as you move away!
The komodo dragon bites you! The black mamba barely misses you.
The wolf bites the plant.
The plant begins to die.
The black mamba barely misses you. The black mamba bites you!
The wolf bites the plant.
The black mamba closely misses you.
Your troll goes berserk!
The black mamba misses you. The black mamba barely misses you.
The wolf bites the plant!
The black mamba bites you but does no damage.
The wolf bites the plant.
The black mamba barely misses you. The komodo dragon bites you!!
The black mamba closely misses you.
The black mamba bites you but does no damage.
The komodo dragon bites you but does no damage.
The black mamba bites you.
* * * LOW HITPOINT WARNING * * *
The black mamba barely misses you. The black mamba bites you!
* * * LOW HITPOINT WARNING * * *
A demonic guardian appears!
The wolf bites the plant.
The komodo dragon bites you!!
You die...

##..####....## ##..# ## ##P.#
##...# #...###. ##..P# ##..##
##...#P. #...## ##...#
##..... #..## ##....# #.....
##.#.# #.#...# ##..... #..†##
#.....### #....## #..##
####P3....#####....# #...#
##wPS@.....#.#.#..###
##.#.###..hSl.............#
#.....#.....YT##.........##
##.#P........#####.......####
#####...##### ##.......##.
#....# #####...........
#....####..#............
##......#.[..............
#........................


You could see a torpor snail, a komodo dragon (ally target), 2 black mambas, a
wolf, a dream sheep, a friendly troll (summoned, berserk, slow) and a friendly
smoke demon (summoned).

Vanquished Creatures
  Snorg (Lair:4)
  2 hydras (Lair:3)
  A boulder beetle (Lair:1)
  8 death yaks
  Nergalle (D:12)
  Amaemon (D:8)
  A skeletal warrior (D:8)
  2 cyclopes
  3 manticores
  5 elephants
  6 black mambas
  A gargoyle (D:10)
  An orange demon (D:8)
  7 cane toads
  15 komodo dragons
  5 rime drakes
  4 trolls
  Prince Ribbit (Lair:3)
  4 polar bears
  25 blink frogs
  2 hornets (D:8)
  3 dream sheep (Lair:4)
  4 jumping spiders
  3 shadows
  3 wyverns
  A wraith (D:10)
  41 yaks
  4 basilisks
  A vampire mosquito (D:11)
  9 water moccasins
  4 ice beasts (D:11)
  2 black bears
  4 sky beasts
  10 orc warriors
  9 centaurs
  3 ogres
  13 wolves
  14 bullfrogs
  6 kobold brigands
  A necrophage (D:6)
  9 scorpions
  8 wights (D:8)
  15 killer bees
  3 howler monkeys
  An electric eel (Lair:1)
  2 gnoll boudas (D:9)
  3 jellies (D:5)
  2 orc priests
  4 iguanas
  12 orc wizards
  3 hell rats
  6 gnolls (D:9)
  5 adders
  2 river rats (Sewer)
  2 white imps
  4 worms
  4 dart slugs
  46 orcs
  10 ball pythons
  13 endoplasms
  10 giant cockroaches
  7 goblins
  5 hobgoblins
  3 quokkas
  A bat (D:1)
  2 frilled lizards
  29 kobolds
  9 rats
  A butterfly (D:11)
452 creatures vanquished.

Vanquished Creatures (collateral kills)
  A hydra (Lair:3)
  A black mamba (Lair:2)
  A rime drake (Lair:3)
  2 guardian mummies (D:10)
  2 blink frogs
  3 yaks
  2 orc warriors
  3 centaurs
  A kobold brigand (Sewer)
  A scorpion (D:4)
  An orc priest (D:8)
  A river rat (D:6)
  3 orcs
  5 kobolds
  A rat (D:6)
28 creatures vanquished.

Vanquished Creatures (others)
  38 fungi
  29 plants
  4 toadstools (D:1)
71 creatures vanquished.

Grand Total: 551 creatures vanquished

Notes
Turn   | Place    | Note
-------+----------+-------------------------------------------
     0 | D:1      | DeathSun the Demonspawn Gladiator began the quest for the
                  | Orb.
     0 | D:1      | Reached XP level 1. HP: 16/16 MP: 1/1
    38 | D:1      | Found a faded altar of an unknown god.
    52 | D:1      | Prayed at the altar of an unknown god.
    52 | D:1      | Became a worshipper of Trog the Wrathful
    52 | D:1      | Reached * piety under Trog
   145 | D:1      | Reached skill level 3 in Unarmed Combat
   167 | D:1      | Gained mutation: A weak demonic guardian rushes to your
                  | aid. [demonic ancestry]
   167 | D:1      | Reached XP level 2. HP: 21/22 MP: 2/2
   801 | D:1      | Reached XP level 3. HP: 24/27 MP: 3/3
  1092 | D:2      | Reached skill level 4 in Unarmed Combat
  1134 | D:2      | Identified the +2 leather armour of Limited Liability
                  | {rPois rN+ Slay+3 Stlth+}
  1224 | D:3      | Reached ** piety under Trog
  1237 | D:3      | Found a runed translucent door.
  1237 | D:3      | Noticed a bullfrog
  1239 | D:3      | Noticed kirsanium's ghost (amateur MfGl)
  1259 | D:3      | Identified the +2 robe "Osuuz" {Harm Will++}
  1464 | D:3      | Gained mutation: You have a pair of small antennae on your
                  | head. [demonic ancestry]
  1464 | D:3      | Reached XP level 4. HP: 33/33 MP: 4/4
  2299 | D:4      | Reached skill level 5 in Unarmed Combat
  2566 | D:4      | Noticed a scorpion
  2704 | D:5      | Entered Level 5 of the Dungeon
  2704 | D:5      | Noticed a centaur
  2745 | D:5      | Noticed an ogre
  2802 | D:5      | Gained mutation: You have a pair of antennae on your head.
                  | [demonic ancestry]
  2802 | D:5      | Reached XP level 5. HP: 23/38 MP: 5/5
  2918 | D:4      | Gained mutation: You are partially covered in icy blue
                  | scales. (AC +2) [demonic ancestry]
  2918 | D:4      | Reached XP level 6. HP: 22/44 MP: 6/6
  3277 | D:5      | Reached skill level 6 in Unarmed Combat
  3442 | D:5      | Gained mutation: A demonic guardian rushes to your aid.
                  | [demonic ancestry]
  3442 | D:5      | Reached XP level 7. HP: 50/50 MP: 7/7
  3708 | D:5      | Found Ityod's Gadget Gallery.
  3713 | D:5      | Bought a wand of polymorph (5) for 98 gold pieces
  3713 | D:5      | Bought a wand of iceblast (3) for 100 gold pieces
  3790 | D:5      | Noticed a yak
  3806 | D:5      | Killed a yak
  3807 | D:5      | Reached skill level 7 in Unarmed Combat
  3817 | D:5      | Noticed a yak
  3817 | D:5      | Noticed a yak
  4211 | D:6      | Gained mutation: You are mostly covered in icy blue scales.
                  | (AC +3) [demonic ancestry]
  4211 | D:6      | Reached XP level 8. HP: 49/56 MP: 8/8
  4235 | D:6      | Reached skill level 8 in Unarmed Combat
  4255 | D:6      | Found a glowing drain.
  4260 | D:6      | Reached *** piety under Trog
  4284 | Sewer    | Entered a sewer
  4594 | Sewer    | Reached skill level 5 in Throwing
  5337 | D:6      | Reached skill level 9 in Unarmed Combat
  5413 | D:6      | Found Zun Gury's Jewellery Shoppe.
  5521 | D:6      | Found a staircase to the Ecumenical Temple.
  5785 | D:6      | Found a broken altar of Ashenzari.
  5966 | D:5      | Reached XP level 9. HP: 61/61 MP: 9/9
  5973 | D:5      | Reached skill level 10 in Unarmed Combat
  5976 | D:5      | Reached **** piety under Trog
  6293 | D:7      | Reached skill level 1 in Evocations
  6894 | D:7      | Identified the +4 scale mail of the Desert {rC++ rN+ Regen+
                  | Int-5}
  7015 | D:7      | Reached skill level 11 in Unarmed Combat
  7165 | D:7      | Gained mutation: You punish those that try to bend your
                  | will. (Will+) [demonic ancestry]
  7165 | D:7      | Reached XP level 10. HP: 20/67 MP: 10/10
  7480 | D:8      | Reached skill level 5 in Evocations
  7587 | D:8      | Found a basalt altar of Yredelemnul.
  7647 | D:8      | Reached skill level 12 in Unarmed Combat
  8044 | D:8      | Reached ***** piety under Trog
  8253 | D:8      | Found a shimmering altar of Xom.
  8257 | D:8      | Found a shimmering blue altar of Sif Muna.
  8258 | D:8      | Found a shadowy altar of Dithmenos.
  8483 | D:8      | Reached skill level 13 in Unarmed Combat
  8483 | D:8      | Found a basalt altar of Yredelemnul.
  8483 | D:8      | Noticed a skeletal warrior
  8500 | D:8      | Killed a skeletal warrior
  8558 | D:8      | Noticed Amaemon
  8558 | D:8      | Noticed an orange demon
  8607 | D:9      | Found a staircase to the Orcish Mines.
  8744 | D:9      | Received a gift from Trog
  8781 | D:9      | Noticed a tengu warrior
  8783 | D:9      | Noticed Ijustatesigmund's ghost (novice GnFi)
  8784 | D:9      | Noticed a two-headed ogre
  8815 | D:9      | Gained mutation: You may rarely emit foul miasma when
                  | damaged in melee. [demonic ancestry]
  8815 | D:9      | Reached XP level 11. HP: 62/72 MP: 11/11
  8937 | D:9      | Found a transporter.
  8937 | D:9      | Found a transporter.
  9074 | D:9      | Found a bloodstained altar of Trog.
  9233 | D:9      | Found a flagged portal.
  9252 | D:9      | Reached skill level 14 in Unarmed Combat
  9265 | Bailey   | Entered a bailey
 10463 | D:10     | Entered Level 10 of the Dungeon
 11186 | D:10     | Found a portal to a secret trove of treasure.
 11417 | D:11     | Reached skill level 15 in Unarmed Combat
 11523 | D:8      | Killed Amaemon
 11912 | D:11     | Found a staircase to the Lair.
 11942 | D:11     | Found a runed translucent door.
 11944 | D:11     | Found a runed translucent door.
 12029 | D:11     | Gained mutation: You are resistant to unholy torment.
                  | [demonic ancestry]
 12029 | D:11     | Reached XP level 12. HP: 78/78 MP: 12/12
 12662 | D:12     | Received a gift from Trog
 12663 | D:12     | Reached skill level 16 in Unarmed Combat
 12725 | D:12     | Noticed Nergalle
 12742 | D:12     | Killed Nergalle
 12849 | D:12     | Noticed a sphinx
 12849 | D:12     | Noticed a centaur warrior
 12875 | Lair:1   | Entered Level 1 of the Lair of Beasts
 13164 | Lair:1   | Reached skill level 5 in Fighting
 13937 | Lair:2   | Found a hole to the Spider Nest.
 14207 | Lair:2   | Noticed a boulder beetle
 14219 | Lair:1   | Killed a boulder beetle
 14323 | Lair:2   | Reached skill level 17 in Unarmed Combat
 14431 | Lair:2   | Found a staircase to the Shoals.
 14597 | Lair:2   | Reached XP level 13. HP: 54/98 MP: 6/13
 15731 | Lair:3   | Noticed Prince Ribbit
 15783 | Lair:3   | Killed Prince Ribbit
 16227 | Lair:4   | Noticed Snorg
 16234 | Lair:4   | HP: 4/101 [wolf (4)]
 16671 | Lair:4   | Killed Snorg
 16781 | Lair:4   | Reached skill level 10 in Fighting
 16781 | Lair:4   | Reached skill level 18 in Unarmed Combat
 17031 | Lair:4   | Identified the +2 quick blade of Killer Klown's Regret
                  | {flame, Will++ Dex-5} (Trog gifted it to you on level 4 of
                  | the Lair of Beasts)
 17031 | Lair:4   | Received a gift from Trog
 18184 | Lair:5   | Entered Level 5 of the Lair of Beasts
 18284 | Lair:5   | Reached XP level 14. HP: 45/113 MP: 4/14
 18549 | Lair:4   | Slain by a komodo dragon

Illustrated notes

Levels and vault maps discovered:
D:1:      ldierk_water_garden, layout_basic, basic_ecumenical_altar
D:2:      layout_rooms, serial_corexii_hall, chequers_hall_statues_wall_a,
          chequers_hall_statues_wall_a
D:3:      layout_basic, ebering_ghost_sewer_d, corexii_leaking_fountain,
          grunt_ministairs_14, nicolae_elevator_lobby_plus
D:4:      layout_loops_ring, minivault_27
D:5:      layout_basic, nicolae_shop_gadgets
D:6:      layout_basic, kennysheep_mini, minmay_temple_entry_slanted,
          serial_shops, nicolae_shop_hallway_plus, portal_sewer_entry_c
D:7:      corexii_shack_village, layout_basic, kennysheep_nondescript
D:8:      layout_loops_ring, grunt_temple_overflow_open,
          hangedman_feature_mirror, nicolae_figureground_sparkle, uniq_amaemon
D:9:      layout_basic, orc_0_dummy, gammafunk_ghost_wrathful_warriors,
          enter_bailey_2, chequers_serial_rivers_small_a
D:10:     layout_loops_ring, nicolae_trove_entry_path_of_doom,
          minmay_curled_crystal
D:11:     lemuel_insect_pit, layout_basic, hellmonk_lair_entry_icy
D:12:     layout_roguey, minmay_checkered_concentric_circles, uniq_nergalle
Lair:1:   layout_long_grid, serial_bayou_shore_a, serial_bayou_shore_b,
          grunt_megastairs_3
Lair:2:   layout_regular_city, shoals_dummy_entry, spider_nest_entry_a,
          chequers_serial_rivers_micro_d
Lair:3:   layout_chaotic_city, uniq_prince_ribbit2
Lair:4:   layout_layer_cave, minmay_slime_entry_oklob_enclosed,
          beast_lair_carwin_4, uniq_snorg
Lair:5:   cheibrodos_lair_end_hotspot, layout_regular_city,
          portal_ice_cave_entry_ice_simulacra

Skill      XL: |  1  2  3  4  5  6  7  8  9 10 11 12 13 |
---------------+----------------------------------------+-----
Unarmed Combat | 3 4 5 6 7 9 11 13 15 17 18 | 18.6
Throwing       | 2 3 4 5 6 |  6.0
Evocations     | 4 5 7 |  7.0
Fighting       | 7 11 | 11.4
Dodging        | |  2.6

Action                   |  1- 3 |  4- 6 |  7- 9 | 10-12 | 13-15 || total
-------------------------+-------+-------+-------+-------+-------++-------
Melee: Unarmed           |   134 |    89 |   365 |   927 |   435 ||  1950
       Punch             |     5 |     3 |    20 |    90 |    53 ||   171
Throw: Dart              |       |     7 |     5 |    41 |       ||    53
       Throwing net      |       |     2 |       |       |       ||     2
Invok: Berserk           |       |       |     1 |     6 |     1 ||     8
       Brothers in Arms  |       |       |       |     2 |     1 ||     3
       Trog's Hand       |       |       |       |     2 |     3 ||     5
Evoke: Wand              |       |       |     1 |    26 |     7 ||    34
  Use: Scroll            |       |       |     8 |    13 |     8 ||    29
       Potion            |       |       |       |       |     4 ||     4
 Stab: Sleeping          |     2 |     2 |     7 |       |       ||    11
       Paralysed         |       |       |     3 |       |       ||     3
       Distracted        |       |       |       |     2 |       ||     2
Armor: Leather armour    |    13 |    23 |    76 |       |       ||   112
       Scale mail        |    33 |       |    16 |   435 |   218 ||   702
Dodge: Dodged            |    67 |    48 |   145 |   440 |   219 ||   919

Table legend: (Time is in decaauts)
 A = Elapsed time spent in this place.
 B = Non-inter-level travel time spent in this place.
 C = Inter-level travel time spent in this place.
 D = Time resting spent in this place.
 E = Time spent auto-exploring this place.
 F = Levels seen in this place.
 G = Mean time per level.
                   A        B        C        D        E       F      G
               +--------+--------+--------+--------+--------+-----+--------+
         Total |  18410 |  17454 |    956 |      0 |  12458 |  19 |  968.9 |
       Dungeon |  10908 |  10264 |    644 |      0 |   7574 |  12 |  909.0 |
          Lair |   5347 |   5035 |    312 |      0 |   3560 |   5 | 1069.4 |
         Sewer |   1138 |   1138 |      0 |      0 |    852 |   1 | 1138.0 |
        Bailey |   1016 |   1016 |      0 |      0 |    471 |   1 | 1016.0 |
               +--------+--------+--------+--------+--------+-----+--------+

Top non-repeatable levels by time:
  Lair:4: 1766 daAuts
     D:8: 1331 daAuts
     D:7: 1328 daAuts
     D:5: 1302 daAuts
  Lair:3: 1287 daAuts
     D:4: 1151 daAuts
   Sewer: 1138 daAuts
  Lair:2: 1079 daAuts
  Lair:1: 1064 daAuts
    D:11: 1040 daAuts
  Bailey: 1016 daAuts
     D:1: 941 daAuts
     D:9: 830 daAuts
    D:10: 804 daAuts
     D:3: 731 daAuts
